 Dungeon Crawl Stone Soup version 0.28.0 (webtiles) character file.

Game seed: 1758173620737649216

32442 Crownlay the Covert (level 13, -2/97 HPs)
             Began as an Octopode Transmuter on Feb 16, 2022.
             Was the Champion of Cheibriados.
             Engulfed by a cloud of foul pestilence (9 damage)
             ... on level 1 of the Lair of Beasts on Feb 17, 2022.
             The game lasted 00:47:47 (16334 turns).

Crownlay the Covert (Octopode Transmuter)          Turns: 16334, Time: 00:47:47

Health: -2/97      AC:  6    Str: 31    XL:     13   Next: 64%
Magic:  0/19       EV: 30    Int: 34    God:    Cheibriados [******]
Gold:   332        SH:  0    Dex: 31    Spells: 13/20 levels left

rFire   x . .      SeeInvis +   h - +8 glaive of the Guard {elec, spectral, AC+5}
rCold   + + .      Faith    .   (shield currently unavailable)
rNeg    . . .      Spirit   +   (helmet restricted)
rPois   .          Reflect  .   n - amulet of guardian spirit
rElec   +          Harm     .   i - +6 ring of strength
rCorr   .          Rampage  .   o - +4 ring of evasion
Will    +....                   q - ring of protection from cold
Stlth   +++++++...              L - ring of wizardry
HPRegen 0.26/turn               E - ring of ice
MPRegen 0.16/turn               a - ring of wizardry
                                C - +4 ring of evasion
                                N - ring of the Glamorous Rambutan {rElec Will+ Dex+3 SInv}

@: lethally poisoned (-2 -> -17), slowed, very slow
A: almost no armour, amphibious, 8 rings, camouflage 1, gelatinous body 1,
(nimble swimmer 1), tentacles
a: Renounce Religion, Bend Time, Temporal Distortion, Slouch, Step From Time


You were on level 1 of the Lair of Beasts.
You worshipped Cheibriados.
Cheibriados was exalted by your worship.
You visited 3 branches of the dungeon, and saw 15 of its levels.
You also visited: Ossuary.

You collected 1051 gold pieces.
You spent 719 gold pieces at shops.

Inventory:

Hand Weapons
 h - the +8 glaive of the Guard (weapon) {elec, spectral, AC+5}
   (You found it on level 3 of the Dungeon)

   It occasionally discharges a powerful burst of electricity upon striking a
   foe.
   When it strikes, its spirit leaps out and fights alongside the wielder.
   AC:        It affects your AC (+5).
Missiles
 f - 3 javelins (quivered)
 J - 3 curare-tipped darts
 K - a silver boomerang
 O - 2 throwing nets
Armour
 d - a +0 kite shield
Jewellery
 a - a ring of wizardry (on tentacle)
 i - a +6 ring of strength (left tentacle)
 n - an amulet of guardian spirit (around mantle)
 o - a +4 ring of evasion (right tentacle)
 q - a ring of protection from cold (on tentacle)
 w - an amulet of magic regeneration
 C - a +4 ring of evasion (on tentacle)
 E - a ring of ice (on tentacle)
 L - a ring of wizardry (on tentacle)
 N - the ring of the Glamorous Rambutan (on tentacle) {rElec Will+ Dex+3 SInv}
   (You bought it in a shop on level 3 of the Dungeon)

   [ring of willpower]

   Dex:       It affects your dexterity (+3).
   rElec:     It insulates you from electricity.
   SInv:      It lets you see invisible.
   Will:      It increases your willpower.
Wands
 p - a wand of paralysis (7)
 y - a wand of acid (9)
 M - a wand of mindburst (19)
Scrolls
 b - 7 scrolls of enchant weapon
 c - a scroll of enchant armour {unknown}
 g - 5 scrolls of fog
 j - a scroll of acquirement {unknown}
 l - 3 scrolls of magic mapping
 s - 4 scrolls of amnesia
 t - 3 scrolls of summoning
 v - 4 scrolls of teleportation
 F - a scroll of silence {unknown}
 G - 3 scrolls of fear
 H - a scroll of brand weapon {unknown}
Potions
 e - 7 potions of curing
 k - 2 potions of mutation
 m - a potion of berserk rage {unknown}
 r - a potion of heal wounds
 u - 2 potions of ambrosia {unknown}
 x - a potion of attraction {unknown}
 z - 2 potions of brilliance
 A - 4 potions of might
 B - a potion of flight {unknown}
 I - a potion of magic {unknown}
 Q - a potion of invisibility {unknown}


   Skills:
 * Level 12.1 Fighting
 * Level 12.0 Polearms
 + Level 8.4 Dodging
 + Level 12.3 Stealth
 - Level 3.1 Unarmed Combat
 - Level 4.3 Spellcasting
 + Level 2.4 Summonings
 - Level 3.6 Transmutations
 - Level 5.0 Ice Magic
 + Level 7.2 Invocations


You had 13 spell levels left.
You knew the following spells:

 Your Spells              Type           Power      Damage    Failure   Level
a - Beastly Appendage     Tmut           64%        N/A       1%          1
b - Spider Form           Tmut/Pois      19%        N/A       1%          3
c - Frozen Ramparts       Ice            100%       1d12      1%          3

Your spell library contained the following spells:

 Spells                   Type           Power      Damage    Failure   Level
 Freeze                   Ice            100%       1d11      1%          1
 Wereblood                Tmut           32%        N/A       1%          2
 Ice Form                 Ice/Tmut       53%        N/A       2%          4
 Dazzling Flash           Conj/Hex       14%        N/A       4%          3
 Gell's Gravitas          Tloc           7%         N/A       4%          3
 Lesser Beckoning         Tloc           7%         N/A       4%          3
 Teleport Other           Tloc           7%         N/A       4%          3
 Hailstorm                Conj/Ice       36%        3d9       4%          4
 Iskenderun's Mystic Bla  Conj/Tloc      7%         2d4       13%         4
 Summon Forest            Summ/Tloc      7%         N/A       21%         5
 Summon Mana Viper        Hex/Summ       15%        N/A       21%         5
 Summon Cactus Giant      Summ           11%        N/A       54%         6
 Starburst                Conj/Fire      3%         6d3       83%         6


Dungeon Overview and Level Annotations

Branches:
Dungeon (13/15)            Temple (1/1) D:5            Lair (1/6) D:10
    Orc (0/2) D:9          Vaults (0/5) D:13        Ossuary (visited)

Altars:
Ashenzari
Cheibriados
Dithmenos
Elyvilon
Fedhas
Gozag
Hepliaklqana
Kikubaaqudgha
Makhleb
Nemelex Xobeh
Okawaru
Qazlal
Ru
Sif Muna
Trog
Uskayaw
Vehumet
Wu Jian
Xom
Yredelemnul
Zin
The Shining One

Shops:
D:3 [**[=   D:4 :   D:11 !   D:13 =

Portals:
Trove: D:13 (give 17 potions of curing)

Annotations:
Lair:1 1 transporter


Innate Abilities, Weirdness & Mutations

You cannot wear most types of armour.
You are amphibious.
You can wear up to eight rings at the same time.
Your skin changes colour to match your surroundings (Stealth+).
Your rubbery body absorbs attacks. (AC +1, EV +1)
((You are camouflaged when in or above water. (Stealth+)))
You have tentacles for arms and can constrict up to eight enemies at once.


Message History

You are engulfed in dark miasma.
You are poisoned.
You feel very sick.
No reachable target in view!
You are struck by the briar patch's thorns.
You slash the briar patch!
The briar patch is severely damaged.
Your +8 glaive of the Guard {elec, spectral, AC+5} completely misses the briar patch.
You are engulfed in dark miasma.
You are more poisoned.
You feel yourself slow down.
You feel very sick.
You feel much better.
You are engulfed in dark miasma.
You are more poisoned.
You feel extremely sick.
The swamp worm fires a harpoon shot at you.
The harpoon shot misses you.
You feel better.
You are engulfed in dark miasma.
You are poisoned.
You feel very sick.
The swamp worm fires a harpoon shot at you.
The harpoon shot misses you.
The swamp worm fires a harpoon shot at you.
The harpoon shot misses you.
Okay, then.
Blink to where?
Press: ? - help, Dir - move target
As you read the scroll of blinking, it crumbles to dust.
You are engulfed in dark miasma.
You are more poisoned.
* * * LOW HITPOINT WARNING * * *
You feel extremely sick.
The swamp worm fires a harpoon shot at you.
The harpoon shot misses you.
You open the door.
You are engulfed in dark miasma.
You are more poisoned.
You feel as though you will be slow longer.
* * * LOW HITPOINT WARNING * * *
x2 You feel extremely sick.
You feel better.
You are engulfed in dark miasma.
You are lethally poisoned!
You die...

................................#
.........###.#.#.....#.P...##....
............................#....
#.####.......................##..
#...##.........#########........#
...............#w#♣#†#♣#........#
##†####..##.####≈≈≈#≈≈≈##...####.
#..#####.##.#"?#PPP§PP..#.######.
...........©#©('@^^^^^^©#©.......
###......##.#[$#PP§PPP.P#.###.P##
##.......##.####§≈#≈≈≈≈##...#.##.
...............##.#♣#w##.........
P.#####.####.#.#########..#..###P
#.#####.##.#.#..........##..####.
.................................
..#..#.##.......##.#####.####...#
.##.##.##......###..###P..##.##.#


You could see 2 swamp worms.

Vanquished Creatures
  Jorgrun (D:12)
  Kirke (D:13)
  Josephine (D:13)
  A rakshasa (D:13)
  2 vault guards (D:13)
  A centaur warrior (D:13)
  4 two-headed ogres
  Nergalle (D:12)
  A deep elf pyromancer (D:12)
  A necromancer (D:13)
  2 ugly things
  2 wizards (D:13)
  A manticore (D:12)
  5 slime creatures
  2 cyclopes
  Joseph (D:8)
  The ghost of Skimidon the Ruffian, a novice TrTm of Dithmenos (D:4)
  2 gargoyles
  2 cane toads (Lair:1)
  3 komodo dragons
  3 kobold demonologists
  2 unseen horrors
  A freezing wraith (D:11)
  A yaktaur (D:13)
  A troll (D:6)
  A hornet (D:7)
  5 blink frogs (Lair:1)
  A shadow (D:12)
  2 wyverns
  9 wraiths
  14 yaks
  20 humans (D:13)
  A golden eye (shapeshifter) (D:13)
  2 basilisks (Lair:1)
  A steam dragon (D:10)
  7 vampire mosquitoes
  2 wargs (D:9)
  2 swamp worms (Lair:1)
  A sky beast (D:6)
  2 water moccasins
  2 hornet zombies
  An ice beast (D:4)
  8 orc warriors
  3 black bears
  An ogre (D:6)
  A necrophage (D:6)
  7 centaurs
  3 kobold brigands
  4 bullfrogs
  3 gnoll sergeants
  2 scorpions
  A wyvern skeleton (D:5)
  2 water moccasin skeletons (D:5)
  6 killer bees (D:10)
  3 howler monkeys
  4 jellies
  4 centaur zombies
  Crazy Yiuf (D:6)
  A gnoll shaman (D:5)
  8 orc priests
  A centaur skeleton (D:4)
  2 iguanas (D:7)
  14 orc wizards
  3 mummies (Ossuary)
  A howler monkey zombie (D:5)
  20 gnolls
  6 adders
  A howler monkey skeleton (D:7)
  An ufetubus (D:5)
  An adder zombie (Ossuary)
  An adder skeleton (D:4)
  4 worms
  3 dart slugs
  42 orcs
  7 ball pythons
  3 bats (D:1)
  7 endoplasms
  A giant cockroach (D:2)
  5 goblins
  13 hobgoblins
  4 jackals (D:1)
  24 kobolds
  4 quokkas
  A frilled lizard (D:1)
  A gnoll zombie (Ossuary)
  4 goblin zombies (Ossuary)
  3 hobgoblin zombies (Ossuary)
  A kobold zombie (Ossuary)
  3 quokka zombies (Ossuary)
  6 rats
  5 rat zombies (Ossuary)
  3 briar patches (Lair:1)
373 creatures vanquished.

Vanquished Creatures (others)
  6 fungi
  A plant (D:10)
7 creatures vanquished.

Grand Total: 380 creatures vanquished

Notes
Turn   | Place    | Note
-------+----------+-------------------------------------------
     0 | D:1      | Crownlay the Octopode Transmuter began the quest for the
                  | Orb.
     0 | D:1      | Reached XP level 1. HP: 13/13 MP: 3/3
   136 | D:1      | Reached skill level 1 in Stealth
   136 | D:1      | Reached XP level 2. HP: 18/18 MP: 3/5
   806 | D:1      | Reached XP level 3. HP: 14/23 MP: 4/6
   815 | D:1      | Learned a level 3 spell: Spider Form
  1577 | D:2      | Reached XP level 4. HP: 17/28 MP: 6/8
  2689 | D:3      | Found Reagral's General Store.
  2689 | D:3      | Found Asuishrijo's General Store.
  2814 | D:3      | Noticed a black bear
  2821 | D:3      | Bought a scroll of fog for 20 gold pieces
  2821 | D:3      | Bought a scroll of identify for 20 gold pieces
  2825 | D:3      | Found the +8 glaive of the Guard {elec, spectral, AC+5}
  2833 | D:3      | Killed a black bear
  2834 | D:3      | Reached XP level 5. HP: 18/33 MP: 5/10
  2995 | D:3      | Found Rearycro's Jewellery Emporium.
  3044 | D:3      | Found Hoph's Antique Armour Boutique.
  3220 | D:3      | Reached XP level 6. HP: 39/39 MP: 11/11
  3314 | D:3      | Found Tallakych's Armour Shoppe.
  3333 | D:3      | Reached skill level 1 in Polearms
  3941 | D:4      | Found Cuarph's Self-Improvement Boutique.
  4015 | D:4      | Found a runed translucent door.
  4017 | D:4      | Noticed Skimidon's ghost (novice TrTm)
  4018 | D:4      | Noticed an ice beast
  4568 | D:5      | Entered Level 5 of the Dungeon
  4632 | D:5      | Found a staircase to the Ecumenical Temple.
  4683 | D:5      | Noticed a water moccasin
  4684 | D:5      | Killed a water moccasin
  4685 | D:5      | Reached XP level 7. HP: 46/46 MP: 13/13
  4689 | D:5      | Found a sand-covered staircase.
  4699 | Ossuary  | Entered an ossuary
  5250 | D:5      | Reached XP level 8. HP: 54/54 MP: 14/14
  5558 | D:6      | Reached skill level 5 in Stealth
  5579 | Temple   | Entered the Ecumenical Temple
  5845 | Temple   | Became a worshipper of Cheibriados the Contemplative
  5883 | D:6      | Noticed a troll
  5888 | D:6      | Killed a troll
  5889 | D:6      | Reached skill level 1 in Invocations
  5900 | D:6      | Reached skill level 5 in Fighting
  6061 | D:6      | Found a runed translucent door.
  6062 | D:6      | Noticed Crazy Yiuf
  6068 | D:6      | Killed Crazy Yiuf
  6566 | D:6      | Reached skill level 5 in Polearms
  6670 | D:7      | Reached XP level 9. HP: 61/61 MP: 15/15
  6736 | D:7      | Noticed a hornet
  6738 | D:7      | Killed a hornet
  7046 | D:7      | Reached * piety under Cheibriados
  7901 | D:8      | Noticed Joseph
  8675 | D:8      | Killed Joseph
  8676 | D:8      | Reached skill level 1 in Ice Magic
  8676 | D:8      | Reached XP level 10. HP: 71/71 MP: 16/16
  8825 | D:8      | Identified the +8 rapier "Qitsyil" {pain, SInv}
  9103 | D:9      | Reached ** piety under Cheibriados
  9156 | D:9      | Learned a level 3 spell: Frozen Ramparts
  9176 | D:9      | Found a staircase to the Orcish Mines.
  9200 | D:9      | Reached skill level 5 in Dodging
  9671 | D:9      | Noticed a kobold demonologist
  9681 | D:9      | Killed a kobold demonologist
  9919 | D:9      | Reached *** piety under Cheibriados
  9927 | D:10     | Entered Level 10 of the Dungeon
 10338 | D:10     | Reached skill level 5 in Invocations
 10341 | D:10     | Reached **** piety under Cheibriados
 10495 | D:10     | Found a basalt altar of Yredelemnul.
 10622 | D:10     | Found a staircase to the Lair.
 10625 | D:10     | Reached XP level 11. HP: 78/78 MP: 17/17
 11029 | D:11     | Noticed a purple ugly thing
 11055 | D:11     | Killed a purple ugly thing
 11653 | D:11     | Found Iplil's Distillery.
 11666 | D:11     | Bought a potion of heal wounds for 85 gold pieces
 12009 | D:12     | Noticed a two-headed ogre
 12011 | D:12     | Killed a two-headed ogre
 12040 | D:12     | Noticed a cyclops
 12048 | D:12     | Killed a cyclops
 12127 | D:12     | Noticed a deep elf pyromancer
 12136 | D:12     | Noticed a manticore
 12144 | D:12     | Killed a deep elf pyromancer
 12145 | D:12     | Killed a manticore
 12355 | D:12     | Noticed Nergalle
 12364 | D:12     | Killed Nergalle
 12395 | D:12     | Reached ***** piety under Cheibriados
 12435 | D:12     | Noticed Jorgrun
 12440 | D:12     | Killed Jorgrun
 12441 | D:12     | Reached skill level 10 in Stealth
 12441 | D:12     | Reached XP level 12. HP: 49/87 MP: 10/18
 12608 | D:12     | Reached skill level 10 in Fighting
 12770 | D:12     | Identified the +0 short sword of Woe {elec, rC+ rCorr}
 12805 | D:12     | Noticed a two-headed ogre
 12811 | D:12     | Killed a two-headed ogre
 12880 | D:13     | Found Upsaw's Jewellery Shoppe.
 12885 | D:13     | Noticed Josephine
 12893 | D:13     | Reached skill level 10 in Polearms
 12893 | D:13     | Reached skill level 5 in Ice Magic
 12895 | D:13     | Killed Josephine
 12934 | D:13     | Noticed a centaur warrior
 12938 | D:13     | Killed a centaur warrior
 13231 | D:13     | Found a gate to the Vaults.
 13231 | D:13     | Noticed a vault guard
 13379 | D:13     | Noticed a vault guard
 13381 | D:13     | Killed a vault guard
 13386 | D:13     | Found a portal to a secret trove of treasure.
 13419 | D:13     | Reached XP level 13. HP: 77/95 MP: 16/19
 13448 | D:13     | Noticed Kirke
 13785 | D:13     | Killed Kirke
 13878 | D:13     | Noticed a rakshasa
 13887 | D:13     | Killed a rakshasa
 13987 | D:13     | Identified the +0 ring mail of Mysticism {rCorr Str+2
                  | Dex-2}
 14290 | D:13     | Reached skill level 1 in Summonings
 14625 | D:3      | Bought the ring of the Glamorous Rambutan {rElec Will+
                  | Dex+3 SInv} for 594 gold pieces
 14821 | D:4      | Killed Skimidon's ghost
 14825 | D:4      | Reached ****** piety under Cheibriados
 15137 | D:13     | Killed a vault guard
 15442 | Lair:1   | Entered Level 1 of the Lair of Beasts
 15761 | Lair:1   | Found a transporter.
 15789 | Lair:1   | Found a transporter.
 16333 | Lair:1   | HP: 1/97 [poison (dark miasma)]
 16334 | Lair:1   | Engulfed by a cloud of foul pestilence

Illustrated notes

Levels and vault maps discovered:
D:1:      ebering_trefoil_twist, layout_basic
D:2:      layout_loops_ring, chequers_serial_rivers_small_3
D:3:      layout_rooms, serial_shops, shop, nicolae_shop_advertising_works
          [nicolae_subvault_shop_adworks], shop, shop, nicolae_shop_trees
D:4:      layout_basic, ebering_ghost_inner_flame, nicolae_shop_self_help
D:5:      layout_gridville, minmay_temple_entry_from_below_b,
          nicolae_ossuary_entry_ruins, nrook_mini_vaults
D:6:      layout_loops_ring, bh_walls_and_bars, uniq_crazy_yiuf_cottage
D:7:      layout_cave_pods
D:8:      layout_rooms, uniq_joseph
D:9:      layout_irregular_city, david_orc_1_choice
D:10:     layout_irregular_city, marbit_many_paths,
          grunt_lair_entry_orc_guard_hut, grunt_decor_arrowhead
D:11:     layout_cave_pools, serial_shops, shop, kennysheep_nub
D:12:     layout_rooms, corexii_corridor_pit, uniq_jorgrun, uniq_nergalle
D:13:     layout_grid_maze, grunt_vaults_entry_tiered, enter_trove_5,
          serial_shops, shop, uniq_josephine, uniq_kirke
Temple:   mainiacjoe_temple_archimedes_tessellation
Lair:1:   gammafunk_worm_tunnel, layout_long_grid, grunt_megastairs_5,
          infiniplex_staircase_pool

Skill      XL: |  1  2  3  4  5  6  7  8  9 10 11 12 13 |
---------------+----------------------------------------+-----
Stealth        | 1 2 3 4 6 7 8 10 11 12 | 12.3
Spellcasting   | 3 4 |  4.3
Transmutations | 3 |  3.6
Fighting       | 2 3 4 5 7 8 9 11 12 | 12.1
Polearms       | 2 3 5 6 8 9 11 12 | 12.0
Dodging        | 3 4 5 6 7 8 |  8.4
Invocations    | 2 3 5 6 7 |  7.2
Ice Magic      | 1 3 4 5 |  5.0
Summonings     | 2 |  2.4
Unarmed Combat | |  3.1

Action                   |  1- 3 |  4- 6 |  7- 9 | 10-12 | 13-15 || total
-------------------------+-------+-------+-------+-------+-------++-------
Melee: Unarmed           |    75 |    35 |       |       |     7 ||   117
       Kick              |    21 |     3 |       |       |       ||    24
       Constrict         |    17 |    12 |    17 |    48 |    12 ||   106
       Tentacles         |     8 |    12 |    12 |    48 |     9 ||    89
       Glaive            |       |    41 |    96 |   230 |    82 ||   449
       Punch             |       |     1 |     1 |     1 |     1 ||     4
Throw: Javelin           |       |       |       |     2 |     1 ||     3
 Cast: Beastly Appendage |    20 |    12 |     1 |       |       ||    33
       Spider Form       |       |     1 |       |       |       ||     1
       Frozen Ramparts   |       |       |       |     3 |     1 ||     4
Evoke: Wand              |       |       |       |       |     1 ||     1
  Use: Scroll            |     1 |     5 |     3 |     7 |     3 ||    19
       Potion            |       |       |       |       |     4 ||     4
 Stab: Sleeping          |     7 |    10 |    15 |    15 |     7 ||    54
       Distracted        |       |     1 |       |     4 |     2 ||     7
Armor: Skin              |     7 |     3 |       |    41 |     5 ||    56
Dodge: Dodged            |    47 |    27 |    48 |   214 |    81 ||   417
